 Dungeon Crawl Stone Soup version 0.25-a0-310-g60f0ac2d9a (webtiles) character file.

Game seed: 7000901669726170385, levelgen mode: deterministic

219 MrRokkomies the Skirmisher (level 5, -5/55 HPs)
             Began as an Ogre Arcane Marksman on Dec 23, 2019.
             Was an Initiate of Makhleb.
             Slain by a centaur (9 damage)
             ... on level 5 of the Dungeon.
             The game lasted 00:10:54 (4399 turns).

MrRokkomies the Skirmisher (Ogre Arcane Marksman)   Turns: 4399, Time: 00:10:56

Health: -5/55      AC:  3    Str: 14    XL:     5   Next: 96%
Magic:  6/6        EV:  7    Int: 15    God:    Makhleb [......]
Gold:   194        SH:  6    Dex:  9    Spells: 1/6 levels left

rFire    . . .     SeeInvis .   l - -2 dagger (curse)
rCold    . . .     Gourm    .   p - +0 shield
rNeg     . . .     Faith    .   a - +0 robe
rPois    .         Spirit   .   (helmet restricted)
rElec    .         Reflect  .   (no cloak)
rCorr    .         Harm     .   (gloves unavailable)
MR       .....                  (boots unavailable)
Stlth    +.........             (no amulet)
HPRegen  0.18/turn              (no ring)
MPRegen  0.10/turn              (no ring)

@: no status effects
A: large, unfitting armour, tough skin 1
a: Renounce Religion


You were on level 5 of the Dungeon.
You worshipped Makhleb.
Makhleb was noncommittal.
You were very hungry.

You visited 1 branch of the dungeon, and saw 5 of its levels.

You collected 194 gold pieces.

Inventory:

Hand Weapons
 b - a +1 dagger of freezing
 l - a cursed -2 dagger (weapon)
 m - a +1 dagger of draining
 o - a +0 flail of protection
Missiles
 c - 4 large rocks
 i - 15 boomerangs (quivered)
 k - 63 stones
 r - 3 poisoned darts
Armour
 a - a +0 robe (worn)
 p - a +0 shield (worn)
Scrolls
 h - a scroll of amnesia
 n - 3 scrolls of teleportation
 s - a scroll of identify
Potions
 d - a potion of ambrosia
 e - a potion of resistance
 g - a potion of flight
 j - 2 potions of brilliance
 q - a potion of berserk rage
Comestibles
 f - 5 rations


   Skills:
 * Level 4.7 Fighting
 * Level 4.1 Throwing
 - Level 1.7 Dodging
 + Level 0.2 Shields
 - Level 1.2 Spellcasting
 + Level 3.4 Hexes


You had one spell level left.
You knew the following spells:

 Your Spells              Type           Power        Failure   Level  Hunger
a - Inner Flame           Hex/Fire       #.......     93%         3    ####...
b - Slow                  Hex            ##......     50%         2    ###....

Your spell library contained the following spells:

 Spells                   Type           Power        Failure   Level  Hunger
 Corona                   Hex            ##.....      36%         1    ##.....
 Portal Projectile        Hex/Tloc       #.....       93%         3    ####...
 Cause Fear               Hex            ##........   98%         4    #####..
 Leda's Liquefaction      Hex/Erth       #.........   100%        4    #####..


Dungeon Overview and Level Annotations

Branches:
Dungeon (5/15)
 Temple: D:4-7

Altars:
Elyvilon
Makhleb
Qazlal
Ru
Trog


Innate Abilities, Weirdness & Mutations

You are too large for most types of armour.
You have tough skin. (AC +1)


Message History

You throw a boomerang. The boomerang hits the centaur.
The centaur is heavily wounded.
The centaur hits you. x2
Throwing (i - inventory. (/) - cycle)
i - 15 boomerangs (quivered)
Press: ? - help, Shift-Dir - straight line, f/p - centaur
Aim: a centaur, quivering 20 arrows (heavily wounded)
You throw a boomerang. The boomerang hits the centaur.
The centaur is almost dead.
The centaur hits you. The centaur hits you!
* * * LOW HITPOINT WARNING * * *
Throwing (i - inventory. (/) - cycle)
i - 15 boomerangs (quivered)
Press: ? - help, Shift-Dir - straight line, f/p - centaur
Aim: a centaur, quivering 20 arrows (almost dead)
You throw a boomerang.
The boomerang hits the centaur but does no damage.
The centaur is almost dead.
The centaur hits you.
* * * LOW HITPOINT WARNING * * *
The centaur hits you!
You die...

##.#....
##....#.#
....#...#
...###<## ..
...#..#
...##.#..##
..........#
.#.##...#.#
###@#.#
#.#.####c#.##.##
#...............
..##.###.#..#.##
...............
.##..l.......##
......$...#....
...c......#..##
...#####..# .#


You could see a centaur.

Vanquished Creatures
  An iguana (D:5)
  Terence (D:3)
  Natasha (D:2)
  3 gnolls (D:3)
  4 adders
  An ooze (D:1)
  A dart slug (D:1)
  6 leopard geckos
  2 orcs (D:3)
  5 giant cockroaches
  8 goblins
  6 hobgoblins
  5 kobolds
  2 quokkas
  9 bats
  3 frilled lizards
  11 rats
69 creatures vanquished.

Notes
Turn   | Place    | Note
-------+----------+-------------------------------------------
     0 | D:1      | MrRokkomies the Ogre Arcane Marksman began the quest for
                  | the Orb.
     0 | D:1      | Reached XP level 1. HP: 19/19 MP: 2/2
   262 | D:1      | Reached XP level 2. HP: 28/28 MP: 3/3
   767 | D:1      | Reached XP level 3. HP: 29/36 MP: 4/4
  1104 | D:1      | Learned a level 3 spell: Inner Flame
  1142 | D:2      | Found a white marble altar of Elyvilon.
  1287 | D:2      | Found a sacrificial altar of Ru.
  1301 | D:2      | Reached XP level 4. HP: 29/45 MP: 5/5
  1450 | D:2      | Learned a level 2 spell: Slow
  1644 | D:2      | Noticed Natasha
  1655 | D:2      | Killed Natasha
  2196 | D:2      | Noticed a moth of wrath
  2198 | D:2      | Found a bloodstained altar of Trog.
  2662 | D:3      | Noticed Terence
  2673 | D:3      | Killed Terence
  2673 | D:3      | Reached XP level 5. HP: 17/54 MP: 6/6
  2946 | D:3      | HP: 1/54 [gnoll/+0 spear (4)]
  3085 | D:3      | Found a stormy altar of Qazlal.
  3502 | D:3      | Found a burning altar of Makhleb.
  3821 | D:3      | Became a worshipper of Makhleb the Destroyer
  4369 | D:5      | Entered Level 5 of the Dungeon
  4382 | D:5      | Noticed a centaur
  4399 | D:5      | Slain by a centaur

Levels and vault maps discovered:
D:1:      minmay_arrival_radiant_lines, layout_loops_ring, chequers_garden,
          hangedman_decor_growths
D:2:      layout_basic, tgw_trog, lemuel_crystal_altar,
          overflow_temple_1_default, uniq_natasha
D:3:      layout_loops_cross, marbit_many_paths,
          nicolae_qazlal_eye_of_the_storm, uniq_terence
D:4:      layout_cave_pools, minmay_crystal_room
D:5:      layout_basic, minmay_temple_entry_mist, first_ration,
          gammafunk_ghost_grave

Skill      XL: |  1  2  3  4  5 |
---------------+----------------+-----
Fighting       | 2 3 4 |  4.7
Hexes          | 3 |  3.4
Throwing       | 3 4 |  4.1
Dodging        | |  1.7
Shields        | |  0.2
Spellcasting   | |  1.2

Action                   |  1- 3 |  4- 6 || total
-------------------------+-------+-------++-------
Melee: Unarmed           |    22 |       ||    22
       Dagger            |    89 |   217 ||   306
Throw: Large rock        |     3 |     8 ||    11
       Stone             |       |    22 ||    22
       Boomerang         |       |    54 ||    54
       Throwing net      |       |     2 ||     2
  Use: Scroll            |     3 |     6 ||     9
       Potion            |       |     2 ||     2
 Stab: Held in net/web   |       |     2 ||     2
  Eat: Chunk             |     1 |     9 ||    10
Armor: Robe              |    29 |    88 ||   117
Dodge: Dodged            |    53 |   160 ||   213
Block: Shield            |       |     3 ||     3

Table legend:
 A = Non-vault XP
 B = Vault XP
 C = Vault XP percentage of total XP
 D = Non-vault monster count
 E = Vault monster count
 F = Vault count percentage of total count
                 A         B        C        D         E       F
            +---------+---------+-------+---------+---------+-------
      Total |     235 |      79 |  25.2 |      61 |       8 |  11.6
            +---------+---------+-------+---------+---------+-------
        D:1 |      52 |       1 |   1.9 |      24 |       1 |   4.0
        D:2 |      50 |      39 |  43.8 |      15 |       5 |  25.0
        D:3 |      63 |      39 |  38.2 |      16 |       2 |  11.1
        D:4 |      28 |       0 |   0.0 |       3 |       0 |   0.0
        D:5 |      42 |       0 |   0.0 |       3 |       0 |   0.0
            +---------+---------+-------+---------+---------+-------
